 Dungeon Crawl Stone Soup version 0.30.1-9-gdf580d7c3d (webtiles) character file.

Game seed: 16682415456908068748

266 Theotherone the Sneak (level 6, -4/28 HPs)
             Began as a Spriggan Enchanter on June 17, 2023.
             Was an Initiate of Dithmenos.
             Slain by Eustachio
             ... wielding a +0 rapier
              (6 damage)
             ... on level 5 of the Dungeon on Sept 30, 2023.
             The game lasted 00:19:27 (3584 turns).

Theotherone the Sneak (Spriggan Enchanter)          Turns: 3584, Time: 00:19:29

Health: -4/28      AC:  2    Str:  4      XL:     6   Next: 0%
Magic:  8/11       EV: 16    Int: 19      God:    Dithmenos [......]
Gold:   149        SH:  0    Dex: 11 (15) Spells: 6/11 levels left

rFire   . . .        a - +1 dagger
rCold   . . .        (no shield)
rNeg    . . .        b - +0 robe
rPois   .            (helmet restricted)
rElec   .            (no cloak)
rCorr   .            (gloves unavailable)
SInv    +            (boots unavailable)
Will    ++...        (no amulet)
Stlth   +++          l - ring of willpower
HPRegen 0.24/turn    (no ring)
MPRegen 0.12/turn

%: no passive effects
@: very quick
A: very small, no large weapons, unfitting armour, see invisible, speed 3
a: Renounce Religion


You were on level 5 of the Dungeon.
You worshipped Dithmenos.
Dithmenos was noncommittal.
You visited 2 branches of the dungeon, and saw 5 of its levels.

You collected 149 gold pieces.

Inventory:

Hand Weapons
 a - a +1 dagger (weapon)
 e - a +0 short sword
Missiles
 s - 2 throwing nets (quivered)
Armour
 b - a +0 robe (worn)
Jewellery
 l - a ring of willpower (left hand)
Scrolls
 f - 2 scrolls of teleportation
 g - 2 scrolls of fear
 h - a scroll of immolation {unknown}
 i - a scroll of vulnerability {unknown}
 j - a scroll of identify
 q - a scroll of brand weapon {unknown}
 v - a scroll of silence {unknown}
 w - a scroll of amnesia {unknown}
 x - a scroll of enchant weapon {unknown}
Potions
 c - 2 potions of invisibility
 d - 2 potions of ambrosia
 k - a potion of mutation {unknown}
 m - a potion of might {unknown}
 n - a potion of attraction {unknown}
 o - a potion of lignification {unknown}
 p - a potion of curing {unknown}
 r - a potion of heal wounds
 t - a potion of cancellation {unknown}
 u - a potion of flight {unknown}


   Skills:
 - Level 1.1 Short Blades
 - Level 2.6 Dodging
 - Level 7.0 Stealth
 - Level 3.2 Spellcasting
 - Level 6.2 Hexes
 + Level 1.4 Ice Magic


You had 6 spell levels left.
You knew the following spells:

 Your Spells              Type           Power      Damage    Failure   Level
a - Ensorcelled Hibernat  Hex/Ice        34%        N/A       4%          2
b - Confusing Touch       Hex            26%        N/A       3%          3

Your spell library contained the following spells:

 Spells                   Type           Power      Damage    Failure   Level
 Tukima's Dance           Hex            26%        N/A       3%          3
 Dazzling Flash           Conj/Hex       28%        N/A       13%         3


Dungeon Overview and Level Annotations

Branches:
Dungeon (5/15)             Temple (1/1) D:5

Altars:
Dithmenos
Fedhas
Kikubaaqudgha
Makhleb
Okawaru
Ru
Sif Muna
Trog
Vehumet
Wu Jian
Xom
Yredelemnul
Zin
The Shining One

Annotations:
D:5 Eustachio


Innate Abilities, Weirdness & Mutations

You are very small and have problems with some larger weapons.
You are too small for most types of armour.
You have supernaturally acute eyesight. (SInv)
You cover ground extremely quickly. (Speed+++)


Message History

You hit Eustachio.
Eustachio is almost dead.
The bat hits you but does no damage. The bat closely misses you.
The quasit misses you. The quasit claws you.
You feel clumsy. The quasit misses you. Eustachio hits you with a +0 rapier!
The quokka barely misses you. x2; The rat bites the quokka.
Unknown command.
You hit Eustachio.
Eustachio is almost dead.
The bat misses you. The quasit closely misses you.
The quasit completely misses you.
The quasit claws you but does no damage.
The bat barely misses you.
The quokka bites you but does no damage.
The quokka barely misses you. Eustachio barely misses you.
The rat bites the bat.
You barely miss Eustachio.
Eustachio is almost dead.
The bat hits you.
The quasit bites you but does no damage.
The quasit barely misses you. x2
The quokka twitches its whiskers.
The quokka completely misses you. The quokka barely misses you.
The bat barely misses you.
Eustachio casts a spell.
Eustachio blinks!
The rat bites you.
* * * LOW HITPOINT WARNING * * *
The quasit barely misses you. x3
Unknown command.
The bat hits you.
* * * LOW HITPOINT WARNING * * *
You hit Eustachio but do no damage.
Eustachio is almost dead.
The quasit disappears in a puff of smoke!
The bat completely misses you. The rat closely misses you.
The quokka closely misses you. The quokka bites you.
* * * LOW HITPOINT WARNING * * *
The bat hits you but does no damage. Eustachio hits you with a +0 rapier.
You die...

#.................b.<#..#
#..........#.....#.....##
#........###..>..###.(##
#..........#.÷...#...##
##...................##
.#...........###......###
.#.#.#........#§...##...#
...#.....#....#rrr.##...###
.###...#####...b@..###....###
........## #.....@.# #......#
.........###.......# ##......#
..........##.......# ##.....#
..........##.....^.# #.....#
......(............. ......#
.....(............... ........
...............................
....~~~~.~.~~. ~~~~.~~~.~~


You could see Eustachio, 2 quokkas, a bat (summoned) and a rat (summoned,
confused).

Vanquished Creatures
  A hound (D:5)
  An orc priest (D:3)
  A jelly (D:3)
  4 gnolls
  5 adders
  A worm (D:2)
  A dart slug (D:1)
  5 orcs
  5 ball pythons
  13 bats
  7 endoplasms
  5 giant cockroaches (D:1)
  5 goblins
  4 hobgoblins
  6 jackals (D:1)
  5 quokkas (D:1)
  A frilled lizard (D:2)
  11 kobolds
  2 rats
83 creatures vanquished.

Notes
Turn   | Place    | Note
-------+----------+-------------------------------------------
     0 | D:1      | Theotherone the Spriggan Enchanter began the quest for the
                  | Orb.
     0 | D:1      | Reached XP level 1. HP: 9/9 MP: 5/5
    68 | D:1      | Reached skill level 5 in Stealth
   105 | D:1      | Reached XP level 2. HP: 13/13 MP: 6/6
   108 | D:1      | Learned a level 2 spell: Ensorcelled Hibernation
   541 | D:1      | Reached XP level 3. HP: 16/16 MP: 8/8
  1038 | D:1      | Reached skill level 1 in Ice Magic
  1438 | D:2      | Upgraded the game from 0.30.0-29-ga12c61a403 to
                  | 0.30.1-4-g462c640d31
  1636 | D:2      | Reached XP level 4. HP: 21/21 MP: 6/9
  1650 | D:2      | Upgraded the game from 0.30.1-4-g462c640d31 to
                  | 0.30.1-9-gdf580d7c3d
  1862 | D:2      | Found a faded altar of an unknown god.
  1868 | D:2      | Reached skill level 5 in Hexes
  2191 | D:2      | Learned a level 3 spell: Confusing Touch
  2665 | D:3      | Reached XP level 5. HP: 24/24 MP: 7/10
  2839 | D:3      | Reached skill level 6 in Stealth
  3020 | D:3      | You fall into a shaft and drop 2 floors!
  3020 | D:5      | Entered Level 5 of the Dungeon
  3034 | D:5      | Found a staircase to the Ecumenical Temple.
  3043 | Temple   | Entered the Ecumenical Temple
  3108 | Temple   | Became a worshipper of Dithmenos the Shadowed
  3547 | D:5      | Noticed Eustachio
  3554 | D:5      | Reached skill level 7 in Stealth
  3554 | D:5      | Reached XP level 6. HP: 28/28 MP: 11/11
  3584 | D:5      | Slain by Eustachio

Illustrated notes

Levels and vault maps discovered:
D:1:      ncdulo_halloftheorcs, layout_basic, minmay_tromino_i4
D:2:      layout_loops_ring, hellmonk_ecumenical_altar_pennies_from_heaven
D:3:      layout_loops_corners, grunt_decor_mini_mirrors
D:5:      minmay_goblin_kobold_castle, layout_rooms, nicolae_ashenzari_skybound,
          minmay_temple_entry_tees, gammafunk_ghost_grave, uniq_eustachio
Temple:   nicolae_temple_ecumenical_triangle

Skill      XL: |  1  2  3  4  5 |
---------------+----------------+-----
Stealth        | 5 7 |  7.0
Hexes          | 4 5 6 |  6.2
Ice Magic      | 1 |  1.4
Spellcasting   | 3 |  3.2
Short Blades   | |  1.1
Dodging        | |  2.6

Action                     |  1- 3 |  4- 6 || total
---------------------------+-------+-------++-------
  Melee: Dagger            |   122 |    82 ||   204
   Cast: Ensorcelled Hiber |    18 |    31 ||    49
         Confusing Touch   |       |     1 ||     1
    Use: Scroll            |       |     3 ||     3
         Potion            |       |     1 ||     1
   Stab: Sleeping          |    22 |    31 ||    53
 Armour: Robe              |    14 |    19 ||    33
  Dodge: Dodged            |    99 |   112 ||   211
